 Dungeon Crawl Stone Soup version 0.23-a0-402-g64599a1 (webtiles) character file.

42 JeffiDaFish the Skirmisher (level 3, -1/29 HPs)
             Began as a Demonspawn Monk on Nov 4, 2018.
             Slain by a worm (2 damage)
             ... on level 2 of the Dungeon.
             The game lasted 00:03:10 (2291 turns).

JeffiDaFish the Skirmisher (Demonspawn Monk)        Turns: 2291, Time: 00:03:11

Health: -1/29      AC:  6    Str: 12    XL:     3   Next: 35%
Magic:  2/2        EV: 12    Int: 11    God:
Gold:   58         SH:  0    Dex: 15    Spells: 2/2 levels left

rFire    . . .     SeeInvis .   a - +0 falchion
rCold    . . .     Gourm    .   (no shield)
rNeg     . . .     Faith    .   f - +0 ring mail
rPois    +         Spirit   .   (no helmet)
rElec    .         Reflect  .   (no cloak)
rCorr    .         Harm     .   (no gloves)
MR       .....                  e - +0 pair of boots
Stlth    +.........             (no amulet)
HPRegen  0.09/turn              (no ring)
MPRegen  0.08/turn              (no ring)

@: no status effects
A: low mp 1, poison resistance, powered by pain 2
a: no special abilities


You were on level 2 of the Dungeon.
You were not hungry.

You visited 1 branch of the dungeon, and saw 2 of its levels.

You collected 58 gold pieces.

Inventory:

Hand Weapons
 a - a +0 falchion (weapon)
Armour
 e - a +0 pair of boots (worn)
 f - a +0 ring mail (worn)
Scrolls
 g - a scroll of identify
Potions
 d - a potion of lignification
Comestibles
 b - 2 chunks of flesh
 c - 2 rations


   Skills:
 * Level 3.5 Fighting
 * Level 3.1 Long Blades
 + Level 1.0 Armour
 + Level 3.0 Dodging
 - Level 1.7 Stealth


You had 2 spell levels left.
You didn't know any spells.
Your spell library was empty.

Dungeon Overview and Level Annotations

Branches:
Dungeon (2/15)

Altars:
Ashenzari
Dithmenos
Trog


Innate Abilities, Weirdness & Mutations

You sometimes gain power by taking damage.
Your magical capacity is low. (-10% MP)
Your system is resistant to poisons. (rPois)


Message History

The worm bites you!
You hit the worm.
The worm is almost dead.
The worm bites you.
You hit the worm but do no damage.
The worm is severely wounded.
The worm closely misses you.
You hit the worm.
The worm is severely wounded.
The worm misses you.
You riposte.
You hit the worm but do no damage.
The worm is severely wounded.
The worm bites you.
You hit the worm but do no damage.
The worm is severely wounded.
The worm bites you!
* * * LOW HITPOINT WARNING * * *
You hit the worm but do no damage.
The worm is severely wounded.
The worm bites you.
You die...

###........).##**** #.#...#.#
#.........###)..###.#...#.#
#........##.....))###...#.#
#.......##)..._....##...#.#
#.......##.........##...#.#
########.###....###....#.###.#
.........# #...##y##...#.# #.#
########## #.†..###....#.# #.#
#....@w.....#.# #.####
##.........##.# #.....
##.......###.###..###
####'####.#...#..# ######.#
#.###.#..# #...÷..# #.# #.#..#
#.###### #.# #.#..# #.#
#.###.#..# #.# #.....#..#


You could see a moth of wrath and a worm (berserk).

Vanquished Creatures
  A worm (D:2)
  A dart slug (D:1)
  A leopard gecko (D:1)
  2 ball pythons (D:2)
  7 bats
  A giant cockroach (D:1)
  5 goblins
  4 hobgoblins
  3 kobolds
  4 frilled lizards
  8 rats
37 creatures vanquished.

Notes
Turn   | Place    | Note
-------+----------+-------------------------------------------
     0 | D:1      | JeffiDaFish the Demonspawn Monk began the quest for the
                  | Orb.
     0 | D:1      | Reached XP level 1. HP: 18/18 MP: 1/1
   348 | D:1      | Found a shattered altar of Ashenzari.
   473 | D:1      | Gained mutation: You sometimes gain a little power by
                  | taking damage. [demonic ancestry]
   473 | D:1      | Reached XP level 2. HP: 21/24 MP: 2/2
   502 | D:1      | Gained mutation: Your magical capacity is low. (-10% MP)
                  | [potion of mutation]
   502 | D:1      | Gained mutation: Your system is resistant to poisons.
                  | (rPois) [potion of mutation]
  1528 | D:2      | Gained mutation: You sometimes gain power by taking damage.
                  | [demonic ancestry]
  1528 | D:2      | Reached XP level 3. HP: 26/29 MP: 2/2
  1699 | D:2      | Found a shadowy altar of Dithmenos.
  2243 | D:2      | Noticed a moth of wrath
  2245 | D:2      | Found a bloodstained altar of Trog.
  2263 | D:2      | Reached skill level 1 in Armour
  2290 | D:2      | HP: 1/29 [worm (10)]
  2291 | D:2      | Slain by a worm

Vault maps used:
D:1:      lightli_arrival_isolated_outpost, nicolae_ashenzari_panopticon
D:2:      tgw_trog, first_ration, grunt_dithmenos_smoke_and_mirrors

Skill      XL: |  1  2  3 |
---------------+----------+-----
Long Blades    | 3 |  3.1
Dodging        | 3 |  3.0
Armour         | 1 |  1.0
Fighting       | |  3.5
Stealth        | |  1.7

Action                   || total
-------------------------++-------
Melee: Falchion          ||   121
  Use: Potion            ||     7
       Scroll            ||     4
 Stab: Sleeping          ||     5
  Eat: Chunk             ||     4
Armor: Robe              ||    10
       Ring mail         ||    29
Dodge: Dodged            ||    79
       Rpst.: Falchion   ||    22

Table legend:
 A = Non-vault XP
 B = Vault XP
 C = Vault XP percentage of total XP
 D = Non-vault monster count
 E = Vault monster count
 F = Vault count percentage of total count
                 A         B        C        D         E       F
            +---------+---------+-------+---------+---------+-------
      Total |      57 |       4 |   6.6 |      33 |       4 |  10.8
            +---------+---------+-------+---------+---------+-------
        D:1 |      28 |       0 |   0.0 |      17 |       0 |   0.0
        D:2 |      29 |       4 |  12.1 |      16 |       4 |  20.0
            +---------+---------+-------+---------+---------+-------
